 Dungeon Crawl Stone Soup version 0.30.1-4-g462c640d31 (webtiles) character file.

Game seed: 13102348598676387285

902 wingedge the Shooter (level 7, 0/59 HPs)
             Began as a Demigod Wanderer on Aug 18, 2023.
             Shot with an arrow by a centaur (9 damage)
             ... on level 5 of the Dungeon.
             The game lasted 00:13:43 (3582 turns).

wingedge the Shooter (Demigod Wanderer)             Turns: 3582, Time: 00:13:44

Health: 0/59       AC:  5    Str: 14    XL:     7   Next: 50%
Magic:  11/11      EV: 12    Int: 15    God:
Gold:   261        SH:  0    Dex: 19    Spells: 7/8 levels left

rFire   . . .        a - +2 sling (freeze)
rCold   . . .        (no shield)
rNeg    . . .        f - +0 ring mail
rPois   .            (no helmet)
rElec   .            (no cloak)
rCorr   .            (no gloves)
SInv    .            (no boots)
Will    .....        n - amulet of regeneration
Stlth   +            (no ring)
HPRegen 1.09/turn    (no ring)
MPRegen 0.12/turn

%: no passive effects
@: no status effects
A: high MP 1, forlorn, divine attributes
a: no special abilities


You were on level 5 of the Dungeon.
You visited 1 branch of the dungeon, and saw 5 of its levels.

You collected 261 gold pieces.

Inventory:

Hand Weapons
 a - a +2 sling of freezing (weapon)
 b - a +1 spear of venom
Missiles
 e - 6 datura-tipped darts
Armour
 f - a +0 ring mail (worn)
Jewellery
 n - an amulet of regeneration (around neck)
Wands
 l - a wand of flame (24)
 o - a wand of charming (9)
Scrolls
 c - a scroll of poison
 p - a scroll of torment {unknown}
 q - a scroll of noise {unknown}
Potions
 d - a potion of haste {unknown}
 g - a potion of attraction {unknown}
 h - a potion of cancellation {unknown}
 i - 2 potions of flight
 j - 3 potions of brilliance
 k - 2 potions of curing {unknown}
 m - a potion of heal wounds {unknown}
 r - 2 potions of ambrosia {unknown}


   Skills:
 + Level 4.1 Fighting
 - Level 7.0 Ranged Weapons
 - Level 3.0 Armour
 - Level 3.0 Dodging
 - Level 1.0 Spellcasting
 - Level 1.0 Hexes
 - Level 1.0 Evocations


You had 7 spell levels left.
You knew the following spells:

 Your Spells              Type           Power      Damage    Failure   Level
a - Slow                  Hex            12%        N/A       32%         1

Your spell library contained the following spells:

 Spells                   Type           Power      Damage    Failure   Level
 Apportation              Tloc           0%         N/A       43%         1
 Necrotise                Necr           0%         1d4       43%         1
 Summon Small Mammal      Summ           0%         N/A       43%         1
 Ensorcelled Hibernation  Hex/Ice        4%         N/A       52%         2
 Lesser Beckoning         Tloc           0%         N/A       58%         2
 Dazzling Flash           Conj/Hex       4%         N/A       75%         3
 Inner Flame              Hex/Fire       2%         N/A       75%         3
 Gell's Gravitas          Tloc           0%         N/A       82%         3
 Spider Form              Tmut/Pois      0%         N/A       82%         3
 Teleport Other           Tloc           0%         N/A       82%         3
 Anguish                  Hex/Necr       1%         N/A       98%         4
 Yara's Violent Unravell  Hex/Tmut       1%         3d3       100%        5
 Dispersal                Tloc           0%         N/A       100%        6
 Enfeeble                 Hex            1%         N/A       100%        7


Dungeon Overview and Level Annotations

Branches:
Dungeon (5/15)             Temple (0/1) D:4

Shops:
D:3 :   D:4 [


Innate Abilities, Weirdness & Mutations

You have an increased reservoir of magic. (+10% MP)
You shall have no god before yourself.
Your divine heritage dramatically boosts your attributes as you level up.


Message History

Your Ranged Weapons skill increases to level 7!
You need to enable at least one skill for training.
Fire: a) +2 sling (freeze)
Press: ? - help, Q - select action, (/) - cycle Shift-Dir - straight line, f - centaur
Aim: a centaur (76% to hit)
You shoot a sling bullet.
The sling bullet barely misses the centaur.
The centaur wields a +0 shortbow.
The centaur shoots an arrow.
The arrow hits you but does no damage.
The centaur shoots an arrow.
The arrow closely misses you.
Aiming: Charm
Press: ? - help, Shift-Dir - straight line, f/p - centaur
Aim: a centaur, wielding a +0 shortbow (chance to affect: 50%)
Okay, then.
Fire: a) +2 sling (freeze)
Press: ? - help, Q - select action, (/) - cycle Shift-Dir - straight line, f/p - centaur
Aim: a centaur, wielding a +0 shortbow (76% to hit)
You shoot a sling bullet.
The sling bullet barely misses the centaur.
The centaur shoots an arrow.
The arrow hits you.
The centaur shoots an arrow.
The arrow hits you!
* * * LOW HITPOINT WARNING * * *
Okay, then.
Okay, then.
Okay, then.
Fire: a) +2 sling (freeze)
Press: ? - help, Q - select action, (/) - cycle Shift-Dir - straight line, f/p - centaur
Aim: a centaur, wielding a +0 shortbow (76% to hit)
You shoot a sling bullet. The sling bullet hits the centaur.
The sling bullet freezes the centaur.
The centaur is moderately wounded.
The centaur shoots an arrow.
The arrow hits you!
* * * LOW HITPOINT WARNING * * *
Fire: a) +2 sling (freeze)
Press: ? - help, Q - select action, (/) - cycle Shift-Dir - straight line, f/p - centaur
Aim: a centaur, wielding a +0 shortbow (moderately wounded, 76% to hit)
You shoot a sling bullet.
The sling bullet barely misses the centaur.
The centaur shoots an arrow.
The arrow hits you!
You die...

...........#.....# c#
..##.#...#.#.....# c#
#.##.#...#.####### .#
#.##..)..#.# #########.#
#.####..##.# #.)...c.#.#
#.####..##.# #c#####.#.#
#..........# #.#####.#.#
#######.##### #.##......#
#######.###.####@##.##.###
.....).....#........##.#
...####.###.####.......#
#.# ### ######### #.# #.#
#.# ..# ###


You could see a centaur.

Vanquished Creatures
  Grinder (D:4)
  Menkaure (D:4)
  Duvessa (D:4)
  A centaur (D:5)
  A phantom (D:4)
  A howler monkey (D:4)
  A jelly (D:4)
  A hound (D:5)
  Natasha (thrice) (D:2)
  An orc wizard (D:4)
  3 adders
  A white imp (D:5)
  A worm (D:2)
  4 dart slugs
  10 orcs
  2 endoplasms
  A giant cockroach (D:3)
  10 goblins
  8 hobgoblins
  10 jackals
  3 kobolds
  2 quokkas
  4 ball pythons
  4 bats
  4 frilled lizards
  5 rats (D:3)
84 creatures vanquished.

Vanquished Creatures (collateral kills)
  Dowan (D:4)
1 creature vanquished.

Grand Total: 85 creatures vanquished

Notes
Turn   | Place    | Note
-------+----------+-------------------------------------------
     0 | D:1      | wingedge the Demigod Wanderer began the quest for the Orb.
     0 | D:1      | wingedge set off with the following items: a +2 sling, a +0
                  | scale mail, a scroll of silence; and the following spell
                  | memorised: Slow; and the following spells available to
                  | memorise: Dazzling Flash.
     0 | D:1      | Reached XP level 1. HP: 14/14 MP: 4/4
   109 | D:1      | Reached skill level 4 in Ranged Weapons
   133 | D:1      | Reached XP level 2. HP: 20/22 MP: 5/5
   252 | D:1      | Reached skill level 1 in Fighting
   714 | D:2      | Reached XP level 3. HP: 29/29 MP: 6/6
   847 | D:2      | Noticed Natasha
   854 | D:2      | Killed Natasha
   927 | D:2      | Noticed Natasha
   937 | D:2      | Killed Natasha
   938 | D:2      | Reached XP level 4. HP: 18/36 MP: 8/8
  1067 | D:2      | Noticed Natasha
  1071 | D:2      | Killed Natasha
  1072 | D:2      | Reached skill level 5 in Ranged Weapons
  1091 | D:2      | You fall into a shaft and drop 2 floors!
  1151 | D:4      | Noticed Menkaure
  1156 | D:4      | Killed Menkaure
  1157 | D:4      | Reached XP level 5. HP: 45/45 MP: 9/9
  1158 | D:4      | Found Xifits's Antique Armour Emporium.
  2230 | D:3      | Found Uxtoxotz's Book Shop.
  2535 | D:4      | Reached XP level 6. HP: 51/51 MP: 10/10
  2559 | D:4      | Noticed Duvessa
  2559 | D:4      | Noticed Dowan
  2579 | D:4      | Killed Dowan
  2580 | D:4      | Reached skill level 1 in Dodging
  2598 | D:4      | Noticed Grinder
  2611 | D:4      | Killed Duvessa
  2612 | D:4      | Reached skill level 6 in Ranged Weapons
  2619 | D:4      | Paralysed by Grinder for 4 turns
  2624 | D:4      | Killed Grinder
  2625 | D:4      | Reached XP level 7. HP: 39/59 MP: 11/11
  3171 | D:4      | Found a staircase to the Ecumenical Temple.
  3411 | D:5      | Entered Level 5 of the Dungeon
  3579 | D:5      | Reached skill level 7 in Ranged Weapons
  3582 | D:5      | Shot with an arrow by a centaur

Illustrated notes

Levels and vault maps discovered:
D:1:      sevenhm_arrival_forest_fort_small_1, layout_loops_cross
D:2:      layout_loops_cross, basic_altar, minmay_surrounded, uniq_natasha
D:3:      layout_basic, serial_shops, shop, hangedman_decor_diamond_cutter,
          grunt_ministairs_11
D:4:      layout_loops_ring, mainiacjoe_overflow_cross_hatched,
          lemuel_temple_firewalk_b, serial_shops, shop, uniq_duvessa,
          uniq_grinder, uniq_menkaure
D:5:      layout_loops_cross, lemuel_coloured_pillars_altar,
          chequers_temple_overflow_statue_of_worship, serial_park_tiny_1

Skill      XL: |  1  2  3  4  5  6  7 |
---------------+----------------------+-----
Ranged Weapons | 4 5 6 7 |  7.0
Armour         | 3 |  3.0
Fighting       | 1 2 3 4 |  4.1
Dodging        | 2 3 |  3.0
Spellcasting   | |  1.0
Hexes          | |  1.0
Evocations     | |  1.0

Action                     |  1- 3 |  4- 6 |  7- 9 || total
---------------------------+-------+-------+-------++-------
   Fire: Sling             |    98 |    76 |    69 ||   243
   Cast: Slow              |     2 |       |       ||     2
  Evoke: Wand              |       |    10 |       ||    10
    Use: Scroll            |       |     8 |       ||     8
         Potion            |       |     1 |       ||     1
 Armour: Scale mail        |    28 |       |       ||    28
         Ring mail         |       |     6 |     5 ||    11
         Skin              |       |     4 |       ||     4
  Dodge: Dodged            |    35 |    17 |    15 ||    67
